AoeStats
← juanse071213

Arena

509497011Analyzed
2v2 RM · 4d ago on Sep 27, 2026· 57m 8s· 4 players
Game mode
Random Map
Map size
Medium (4 player)
Population
200
Speed
Normal
Resources
Standard
Victory
Conquest
Starting age
Dark Age
Ending age
Imperial Age
RankedLock teamsTeams togetherTeam positionsShared explorationLock speedFull tech treeHidden civsTurbo modeCheats
Victory
Defeat
🇻🇺 Malay · Vanuatu
1033
+13
🇨🇴 Khmer · Colombia
854
+20
🇨🇴 Persians · Colombia
972
-17
🇲🇽 Danes · Mexico
936
-16
suso9871
10:47 Feudal Age
11:22 Horse Collar
18:10 Castle Age
16:04 Double-Bit Axe
16:32 Stone Mining
16:53 Gold Mining
18:24 Wheelbarrow
19:53 Town Watch
21:34 Stone Shaft Mining
21:18 Heavy Plow
24:12 Gold Shaft Mining
24:01 Bow Saw
29:57 Imperial Age
28:44 Hand Cart
30:18 Crop Rotation
30:52 Town Patrol
31:34 Conscription
32:48 Fletching
32:58 Padded Archer Armor
33:09 Forging
32:58 Pikeman
33:39 Squires
33:25 Arson
34:30 Halberdier
35:50 Elite Karambit Warrior
37:20 Iron Casting
40:02 Blast Furnace
40:24 Chemistry
39:19 Murder Holes
39:05 Treadmill Crane
47:23 Scale Barding Armor
47:56 Heavy Scorpion
48:56 Siege Engineers
juanse071213
1:57 Loom
12:07 Feudal Age
16:52 Castle Age
14:57 Double-Bit Axe
18:19 Bow Saw
21:15 Wheelbarrow
22:29 Scale Barding Armor
22:35 Forging
24:09 Fletching
24:21 Padded Archer Armor
26:20 Horse Collar
33:47 Imperial Age
33:25 Gold Mining
34:24 Chain Barding Armor
34:38 Heavy Plow
35:27 Conscription
37:15 Hand Cart
36:53 Light Cavalry
37:44 Bloodlines
38:14 Plate Barding Armor
37:37 Bodkin Arrow
38:11 Ballistics
40:02 Iron Casting
40:33 Chemistry
42:18 Hussar
46:05 Masonry
48:46 Blast Furnace
49:47 Fortified Wall
50:29 Leather Archer Armor
50:14 Bracer
LuisLh14
10:37 Feudal Age
12:24 Wheelbarrow
14:58 Castle Age
13:40 Double-Bit Axe
13:40 Horse Collar
15:07 Town Watch
21:10 Loom
25:32 Pikeman
27:09 Scale Mail Armor
27:20 Forging
28:57 Heavy Plow
31:53 Imperial Age
30:58 Fletching
31:24 Chain Mail Armor
31:37 Bodkin Arrow
32:31 Hand Cart
32:04 Elite Skirmisher
33:22 Thumb Ring
34:12 Halberdier
34:53 Squires
34:39 Gambesons
34:41 Arson
35:09 Elite Varangian Guard
36:17 Gold Mining
36:57 Padded Archer Armor
36:57 Bracer
37:33 Iron Casting
37:28 Plate Mail Armor
36:57 Onager
38:16 Conscription
37:39 Elite Jomsviking
39:46 Chemistry
39:06 Ballistics
38:43 Hamask
40:50 Blast Furnace
42:33 Scale Barding Armor
55:32 Town Patrol
FC_Satuplese
4:51 Loom
11:50 Feudal Age
16:17 Castle Age
15:12 Double-Bit Axe
15:14 Horse Collar
17:05 Bow Saw
16:51 Town Watch
18:02 Bloodlines
20:13 Fervor
24:53 Husbandry
26:11 Wheelbarrow
26:47 Stone Mining
28:20 Forging
28:15 Scale Barding Armor
31:49 Imperial Age
31:57 Imperial Age
30:05 Gold Mining
31:55 Iron Casting
31:40 Chain Barding Armor
33:05 Cavalier
35:41 Plate Barding Armor
36:06 Blast Furnace
35:35 Guilds
35:47 Savar
37:07 Kamandaran
37:29 Conscription
37:26 Thumb Ring
37:13 Fletching
37:07 Crossbowman
41:39 Murder Holes
42:45 Chemistry
43:10 Crossbowman
Connection lost

Rejoining the realm…

Still unreachable

The connection could not be restored.

Session expired

The server has moved on; the page needs a fresh start.